Unix NetHack Version 5.0.0-0 post-release - last build Jul 19 2026 19:10:59 (3aa4ab31751d3886436d94b585a96704892fd477,branch:main).

Game began 2026-07-30 02:27:53, ended 2026-07-30 22:14:33.

HumaRuntu, chaotic female human Wizard

         ----------
         |........|
         |........|            -------------
         |........-########    |...........|
         |........|       #####-............
         |........|            |...........|
         |........|            --.----------
         -------.--              ####
                #                   #####
                #                       ###
               ##               ----------.---      -----
               #                |.............######|.a@|
         ------.-------         |............|     #-aa..
         |............|         |............|      |f..|
         |............-#########....<........|      -----
         |...)........|         --------------
         |............|
         --------------

HumaRuntu the Thaumaturge  St:10 Dx:11 Co:14 In:19 Wi:16 Ch:11  Chaotic
Dlvl:7  $:211 HP:0(41) Pw:90(96) AC:2  Xp:7 T:6705 

Latest messages:
 You hear a distant explosion.
 You see here a forked polearm.
 You swap places with your housecat.
 The door opens.
 You swap places with your housecat.
 This door is locked.
 This door is locked.
 This door is locked.
 In what direction? l
 Whammm!!
 This door is locked.
 In what direction? l
 Whammm!!
 Thwack!!
 As you kick the door, it crashes open!
 You hear some noises.
 In what direction? u
 The spell hits the blue jelly!
 You kill the blue jelly!
 You see here a blue jelly corpse.
 You hear some noises in the distance.
 There is a blue jelly corpse here; eat it? [ynq] (n) y
 This blue jelly corpse tastes okay.
 You finish eating the blue jelly corpse.
 The soldier ant bites!
 The soldier ant misses!
 The soldier ant bites!
 The soldier ant misses!
 In what direction? y
 The spell misses the soldier ant.
 The soldier ant bites!
 The soldier ant stings!
 The soldier ant bites!
 The soldier ant misses!
 What do you want to drink? [ghN or ?*] *
 Never mind.
 What do you want to zap? [cozKP or ?*] c
 In what direction? h
 The sleep ray hits the soldier ant.
 The sleep ray bounces!
 The sleep ray misses the soldier ant.
 The sleep ray hits you!
 The soldier ant bites!
 The soldier ant stings!
 You die...
 Do you want your possessions identified? [ynq] (y) y
 Do you want to see your attributes? [ynq] (y) y
 Do you want an account of creatures vanquished? [ynaq] (y) y
 Do you want to see your conduct and achievements? [ynq] (y) y
 Do you want to see the dungeon overview? [ynq] (y) y

Inventory:
 Coins    ('$')
  $ - 211 gold pieces
 Weapons  (')')
  R - a +0 dagger
  a - a blessed +1 quarterstaff (weapon in hands)
 Armor    ('[')
  I - an uncursed +1 helm of brilliance (being worn)
  M - a blessed +1 pair of iron shoes (being worn)
  b - an uncursed burnt +0 cloak of magic resistance (being worn)
 Comestibles  ('%')
  F - 3 uncursed food rations
  C - 2 uncursed lichen corpses
  L - an uncursed lizard corpse
 Scrolls  ('?')
  i - a blessed scroll of blank paper
  A - an uncursed scroll of confuse monster
  S - an uncursed scroll of create monster
  D - 2 uncursed scrolls of light
  k - an uncursed scroll of remove curse
  t - 2 uncursed scrolls of stinking cloud
 Potions  ('!')
  N - a blessed potion of gain level
  g - a cursed potion of healing
  h - an uncursed potion of sickness
 Rings    ('=')
  y - an uncursed ring of cold resistance
  x - an uncursed ring of polymorph control
  e - an uncursed +3 ring of protection (on left hand)
  d - an uncursed ring of stealth
  O - an uncursed ring of sustain ability
 Wands    ('/')
  K - a wand of create monster (0:13)
  P - a wand of digging (0:8)
  c - a wand of sleep (0:5)
  o - a wand of slow monster (0:4)
  z - a wand of speed monster named haste (0:3)
 Tools    ('(')
  q - an uncursed bag of holding containing 7 items
  w - a fire horn (0:7)
  n - a magic marker (0:6)
  u - an uncursed tallow candle
  v - an uncursed tin whistle

Contents of the bag of holding:
  an uncursed -2 pair of levitation boots
  an uncursed spellbook of blank paper
  a blessed spellbook of force bolt
  an uncursed spellbook of light
  an uncursed spellbook of turn undead
  an uncursed -1 ring of protection
  an uncursed worthless piece of blue glass

HumaRuntu the Wizard's attributes:

Background:
 You were a Thaumaturge, a level 7 female human Wizard.
 You were chaotic, on a mission for Anhur
 who was opposed by Ptah (lawful) and Thoth (neutral).
 You were right-handed.
 You were in the Dungeons of Doom, on level 7.
 You entered the dungeon 6705 turns ago.
 It was nighttime.
 There was a full moon in effect when your adventure ended.
 You had 1124 experience points, 156 more were needed to attain level 8.

Basics:
 You had 0 out of 41 hit points.
 You had 90 out of 96 energy points (spell power).
 Your armor class was 2.
 Your wallet contained 211 zorkmids.
 Autopickup was on for '$?!/="+' plus thrown.

Final Characteristics:
 Your strength was 10 (limit:18/100).
 Your dexterity was 11 (limit:18).
 Your constitution was 14 (limit:18).
 Your intelligence was 19 (base:18, innate limit:18).
 Your wisdom was 16 (base:15, limit:18).
 Your charisma was 11 (limit:18).

Final Status:
 You weren't hungry.
 You were unencumbered.
 You were wielding a quarterstaff.
 You were skilled in quarterstaff.

Final Attributes:
 You were piously aligned.
 You were magic-protected.
 You were poison resistant.
 You were telepathic.
 You had a small defense bonus (+3).
 You were guarded.
 You were lucky.
 You are dead.

Miscellaneous:
 You didn't encounter any bones levels.
 Total elapsed playing time was 1 hour, 31 minutes and 22 seconds.

Major events:
 Turn
    1: HumaRuntu the chaotic female human Wizard entered the dungeon
  673: attained the rank of Conjurer (level 3)
 3253: attained the rank of Thaumaturge (level 6)
 3612: entered the Gnomish Mines
 4926: reached Mine Town
 6705: killed by a soldier ant, while sleeping

Spells:
 Name                 Level Category     Fail Retention
 force bolt             1   attack         0%   91%-95%
 drain life             2   attack         0%   66%-70%
 light                  1   divination     0%  76%-100%

Skills:
 Fighting Skills
   bare handed combat [Unskilled]
   riding             [Unskilled]
 Weapon Skills
   dagger             [Unskilled]
   knife              [Unskilled]
   axe                [Unskilled]
   short sword        [Unskilled]
   club               [Unskilled]
   mace               [Unskilled]
   quarterstaff       [Skilled]
   polearms           [Unskilled]
   spear              [Unskilled]
   trident            [Unskilled]
   sling              [Unskilled]
   dart               [Unskilled]
   shuriken           [Unskilled]
 Spellcasting Skills
   attack spells      [Skilled]
   healing spells     [Unskilled]
   divination spells  [Unskilled]
   enchantment spells [Basic]
   clerical spells    [Unskilled]
   escape spells      [Unskilled]
   matter spells      [Unskilled]

Voluntary challenges:
 Character rerolling was not enabled.
 You never genocided any monsters.
 You never polymorphed an object.
 You never changed form.
 You used no wishes.
Achievements:
 You attained the rank of Conjurer.
 You entered a shop.
 You attained the rank of Thaumaturge.
 You entered the Gnomish Mines.
 You entered Minetown.
 You entered a temple.

 The Dungeons of Doom: levels 1 to 7
    Level 1:
       Some fountains.
    Level 2:
       An armor shop, many fountains, some sinks.
       Stairs down to The Gnomish Mines.
    Level 3:
    Level 4:
       A fountain.
    Level 5:
       A fountain.
    Level 6:
       Many fountains.
       Oracle of Delphi.
    Level 7: <- You were here.
       Final resting place for
          you, killed by a soldier ant, while sleeping.
 The Gnomish Mines: levels 3 to 5
    Level 3:
    Level 4:
    Level 5:
       Many shops, a temple and an altar, some fountains.


Vanquished creatures:
  a small mimic
  a gold golem
  a lizard
  a blue jelly
  a gnome mummy
  4 Mordor orcs
  2 Uruk-hai
  a rock mole
  2 ponies
  a fog cloud
  a violet fungus
  3 gnome leaders
  2 gnomish wizards
  a golden naga hatchling
  2 guardian naga hatchlings
  3 gray oozes
  3 giant ants
  3 little dogs
  2 floating eyes
  2 kittens
  8 dwarves
 10 rothes
  2 rabid rats
  a centipede
 an orc zombie
  a werejackal
 an iguana
  4 killer bees
  3 acid blobs
  a gas spore
  2 hobbits
  a large kobold
  2 hobgoblins
  3 giant rats
  2 cave spiders
  a brown mold
  2 yellow molds
  a red mold
 19 gnomes
  2 garter snakes
  a gnome zombie
  3 geckos
  4 jackals
  6 kobolds
  a goblin
  a sewer rat
 10 grid bugs
  3 bats
  5 lichens
  6 newts
144 creatures vanquished.

No species were genocided or became extinct.

Game over:
                       ----------
                      /          \
                     /    REST    \
                    /      IN      \
                   /     PEACE      \
                  /                  \
                  |    HumaRuntu     |
                  |      211 Au      |
                  |   killed by a    |
                  |   soldier ant    |
                  |                  |
                  |                  |
                  |       2026       |
                 *|     *  *  *      | *
        _________)/\\_//(\/(/\)/\//\/|_)_______

Goodbye HumaRuntu the Wizard...

You died in The Dungeons of Doom on dungeon level 7 with 4986 points,
and 211 pieces of gold, after 6705 moves.
You were level 7 with a maximum of 41 hit points when you died.

